 Dungeon Crawl Stone Soup version 0.21-a0-110-g8e1637b (webtiles) character file.

5023 meatball the Grappler (level 10, -1/98 HPs)
             Began as a Troll Monk on July 10, 2017.
             Was a Priest of Makhleb.
             Killed from afar by a steam dragon (15 damage)
             ... with a ball of steam
             ... on level 9 of the Dungeon.
             The game lasted 00:37:06 (7103 turns).

meatball the Grappler (Troll Monk)                  Turns: 7103, Time: 00:37:06

Health: -1/98      AC:  6    Str: 24    XL:     10   Next: 30%
Magic:  12/12      EV: 11    Int:  6    God:    Makhleb [***...]
Gold:   405        SH: 10    Dex: 12    Spells: 9/9 levels left

rFire    . . .     SeeInvis .     - Unarmed
rCold    . . .     Gourm    +   v - +0 shield (curse)
rNeg     . . .     Faith    .   f - +1 robe
rPois    .         Spirit   .   (helmet restricted)
rElec    .         Reflect  .   (no cloak)
rCorr    +         Harm     .   (gloves unavailable)
MR       .....                  (boots unavailable)
Stlth    ++........             (no amulet)
HPRegen  0.66/turn              h - ring of resist corrosion
MPRegen  0.13/turn              (no ring)

@: no status effects
A: unfitting armour, claws 3, fast metabolism 3, gourmand, regeneration 1,
shaggy fur 1, tough skin 2
a: Minor Destruction, Lesser Servant of Makhleb, Renounce Religion


You were on level 9 of the Dungeon.
You worshipped Makhleb.
Makhleb was most pleased with you.
You were very full.

You visited 2 branches of the dungeon, and saw 10 of its levels.

You collected 433 gold pieces.
You spent 28 gold pieces at shops.

Inventory:

Hand Weapons
 A - a +0 arbalest
Armour
 f - a +1 robe (worn)
 v - a cursed +0 shield (worn)
Jewellery
 h - a ring of resist corrosion (left claw)
 l - an uncursed ring of stealth {unknown}
Wands
 y - a wand of digging (6/24)
 z - a wand of lightning (3/15)
 C - a wand of random effects (35/48)
 D - a wand of iceblast (6/15)
Scrolls
 e - a scroll of enchant weapon {unknown}
 g - 5 scrolls of teleportation
 i - 3 scrolls of amnesia {unknown}
 j - 2 scrolls of fear {unknown}
 o - a scroll of recharging {unknown}
 p - a scroll of magic mapping {unknown}
 t - 3 scrolls of identify
 u - 8 scrolls of remove curse {unknown}
 w - a scroll of torment {unknown}
Potions
 a - a potion of brilliance {unknown}
 c - 2 potions of agility {unknown}
 d - 4 potions of degeneration {unknown}
 k - a potion of curing {unknown}
 m - 2 potions of lignification {unknown}
 n - 2 potions of might {unknown}
 q - 2 potions of heal wounds {unknown}
Books
 B - a book of Flames

   Spells                             Type                      Level
   a - Flame Tongue                   Conjuration/Fire             1
   b - Throw Flame                    Conjuration/Fire             2
   c - Conjure Flame                  Conjuration/Fire             3
   d - Inner Flame                    Hexes/Fire                   3
   e - Sticky Flame                   Conjuration/Fire             4
   f - Fireball                       Conjuration/Fire             5
Comestibles
 b - 5 bread rations
 r - 3 fruits
 s - 2 royal jellies
 E - a meat ration


   Skills:
 + Level 5.7 Fighting
 + Level 5.2 Dodging
 - Level 1.0 Stealth
 - Level 6.3 Shields
 - Level 9.3 Unarmed Combat
 + Level 4.4 Invocations


You had 9 spell levels left.
You didn't know any spells.

Dungeon Overview and Level Annotations

Branches:
Dungeon (9/15)             Temple (1/1) D:6
   Lair: D:8-11         Orc: D:9-12

Altars:
Ashenzari
Cheibriados
Elyvilon
Fedhas
Gozag
Hepliaklqana
Kikubaaqudgha
Makhleb
Nemelex Xobeh
Okawaru
Qazlal
Ru
Sif Muna
Trog
Uskayaw
Wu Jian
Xom
Yredelemnul
Zin
The Shining One

Shops:
D:4 *   D:7 *


Innate Abilities, Weirdness & Mutations

You are too large for most types of armour.
You have claws for hands.
Your metabolism is lightning-fast.
You like to eat raw meat.
Your natural rate of healing is unusually fast.
You are covered in fur. (AC +1)
You have very tough skin. (AC +2)


Message History

The steam dragon breathes steam at you. The ball of steam hits you!
You hear a shout!
You scratch the steam dragon.
The steam dragon is heavily wounded.
You are engulfed in a cloud of scalding steam.
The steam dragon bites you! The steam dragon claws you.
You are engulfed in a cloud of scalding steam.
The steam dragon breathes steam at you. The ball of steam hits you!
* * * LOW HITPOINT WARNING * * *
The steam dragon closely misses you. The steam dragon claws you.
* * * LOW HITPOINT WARNING * * *
A demon appears!
You block the orc wizard's attack. The steam dragon bites you.
* * * LOW HITPOINT WARNING * * *
The steam dragon claws you.
* * * LOW HITPOINT WARNING * * *
The steam dragon breathes steam at you. The ball of steam hits you!
You die...

.. #.### ...
#.#.###########
#.>.).........
.###...#..4..[.#
.......#Do.....#
.......#§§o....#
###.#..#..@....#
.......#§......#
###...>........#
####..#####.##
#.=......#
#.....##.#
##..#.# .#
#..#..> #... ...


You could see a steam dragon, an orc wizard, an orc and a friendly orange demon.

Vanquished Creatures
  The ghost of Doomer the Skirmisher, an amateur MiWn (D:5)
  Sigmund (D:3)
  6 humans (D:6)
  3 sky beasts
  The ghost of p0werm0de the Skirmisher, an amateur DsCK of Xom (D:3)
  2 phantoms
  5 ogres
  2 centaurs
  A big kobold (D:7)
  3 bullfrogs
  6 scorpions
  A wyvern skeleton (D:7)
  A water moccasin skeleton (D:7)
  5 crimson imps
  5 orc priests
  A quasit (D:7)
  A jelly (D:7)
  14 orc wizards
  5 worker ants
  Terence (D:3)
  A hound skeleton (D:7)
  A howler monkey zombie (D:5)
  Robin (D:3)
  10 adders
  3 gnolls (D:2)
  A shadow imp (D:8)
  A white imp (D:4)
  An ooze (D:6)
  2 adder skeletons (D:4)
  4 worms
  A dart slug (D:1)
  5 leopard geckos
  22 orcs
  2 giant cockroaches (D:5)
  3 hobgoblins
  4 jackals (D:5)
  12 kobolds
  9 bats
  4 frilled lizards
  17 goblins
  A jackal skeleton (D:4)
  A quokka skeleton (D:5)
  A quokka zombie (D:6)
  7 rats
179 creatures vanquished.

Vanquished Creatures (collateral kills)
  A two-headed ogre (D:8)
  A hungry ghost (D:8)
  A centaur (D:8)
  A phantom (D:8)
  A big kobold (D:8)
  A quasit (D:8)
  An orc priest (D:8)
  An orc wizard (D:8)
  A kobold (D:8)
9 creatures vanquished.

Grand Total: 188 creatures vanquished

Notes
Turn   | Place    | Note
-------+----------+-------------------------------------------
     0 | D:1      | meatball the Troll Monk began the quest for the Orb.
     0 | D:1      | Reached XP level 1. HP: 22/22 MP: 0/0
   497 | D:1      | Reached XP level 2. HP: 27/29 MP: 1/1
   785 | D:2      | Reached XP level 3. HP: 15/36 MP: 2/2
   978 | D:2      | Reached XP level 4. HP: 43/45 MP: 3/3
  1808 | D:2      | Reached skill level 4 in Unarmed Combat
  1953 | D:3      | Reached XP level 5. HP: 53/53 MP: 4/4
  1975 | D:3      | Noticed p0werm0de's ghost (amateur DsCK)
  2235 | D:3      | Noticed Terence
  2242 | D:3      | Killed Terence
  2330 | D:3      | Killed p0werm0de's ghost
  2380 | D:3      | Noticed Sigmund
  2434 | D:3      | Reached XP level 6. HP: 58/62 MP: 5/5
  2445 | D:3      | Killed Sigmund
  2497 | D:3      | Noticed Robin
  2520 | D:3      | Killed Robin
  2527 | D:3      | Reached skill level 5 in Unarmed Combat
  3284 | D:4      | Reached XP level 7. HP: 71/71 MP: 6/6
  3349 | D:4      | Found Jaegh's General Store.
  3357 | D:4      | Bought a scroll of identify for 28 gold pieces
  3609 | D:5      | Entered Level 5 of the Dungeon
  3891 | D:5      | Noticed Doomer's ghost (amateur MiWn)
  3947 | D:5      | You fall through a shaft!
  3973 | D:6      | Reached skill level 6 in Unarmed Combat
  4028 | D:6      | Found a deep blue altar of Sif Muna.
  4028 | D:6      | Found a sacrificial altar of Ru.
  4034 | D:6      | Noticed a human
  4034 | D:6      | Noticed a human
  4035 | D:6      | Noticed a human
  4035 | D:6      | Noticed a human
  4082 | D:6      | Killed a human
  4088 | D:6      | Killed a human
  4088 | D:6      | Reached skill level 5 in Fighting
  4088 | D:6      | Reached XP level 8. HP: 63/80 MP: 7/7
  4091 | D:6      | Reached skill level 5 in Dodging
  4117 | D:6      | Reached skill level 7 in Unarmed Combat
  4325 | D:6      | Reached skill level 1 in Shields
  4483 | D:6      | Found a staircase to the Ecumenical Temple.
  4492 | Temple   | Entered the Ecumenical Temple
  4591 | Temple   | Became a worshipper of Makhleb the Destroyer
  4591 | Temple   | Reached * piety under Makhleb
  4591 | Temple   | Reached ** piety under Makhleb
  4729 | D:6      | Reached skill level 1 in Invocations
  4782 | D:6      | Reached XP level 9. HP: 80/89 MP: 8/8
  4999 | D:6      | Reached skill level 8 in Unarmed Combat
  5124 | D:5      | Killed Doomer's ghost
  5889 | D:7      | Reached *** piety under Makhleb
  5947 | D:7      | Reached skill level 5 in Shields
  6048 | D:7      | Found Dimm's Assorted Antiques.
  6144 | D:8      | Reached skill level 9 in Unarmed Combat
  6248 | D:8      | Noticed a two-headed ogre
  6261 | D:8      | Killed a two-headed ogre
  6261 | D:8      | Reached XP level 10. HP: 82/98 MP: 10/12
  6579 | D:8      | Found a basalt altar of Yredelemnul.
  6656 | D:8      | Found a white marble altar of Elyvilon.
  7103 | D:9      | Killed from afar by a steam dragon

Vault maps used:
D:1:      lightli_arrival_flooded_house, serial_park_tiny_pond
D:2:      cheibrodos_pilgrimage, minmay_misc_feat_diagonals,
          kennysheep_generic_room_12
D:3:      uniq_sigmund, uniq_robin, uniq_terence
D:4:      serial_shops, shop, minmay_fire_ice_demons
D:5:      first_bread, grunt_decor_one_mirror, patterned_corridor
D:6:      minmay_flawed_box, chequers_temple_overflow_statue_of_worship,
          temple_hall, minivault_26, kennysheep_pointless_box, glass_columns_a,
          serial_park_tiny_pond, minmay_ruffians
D:7:      serial_shops, shop
D:8:      kennysheep_ying_yang
D:9:      gammafunk_temple_overflow_pools, dpeg_lair_monsters,
          hangedman_little_slice_of_home
Temple:   regret_index_temple_sphere_string

Skill      XL: |  1  2  3  4  5  6  7  8  9 10 |
---------------+-------------------------------+-----
Dodging        | 3 4 5 |  5.2
Fighting       | 3 4 5 |  5.7
Unarmed Combat | 4 5 6 7 9 |  9.3
Shields        | 2 5 6 |  6.3
Invocations    | 1 4 |  4.4
Stealth        | |  1.0

Action                   |  1- 3 |  4- 6 |  7- 9 | 10-12 || total
-------------------------+-------+-------+-------+-------++-------
Melee: Unarmed           |    48 |   145 |   350 |    60 ||   603
       Punch             |     3 |       |     3 |       ||     6
Invok: Minor Destruction |       |       |    25 |     4 ||    29
       Lesser Servant of |       |       |     1 |     1 ||     2
  Use: Scroll            |       |     3 |     1 |       ||     4
 Stab: Sleeping          |       |     4 |     3 |       ||     7
       Distracted        |       |     1 |       |     1 ||     2
  Eat: Chunk             |    14 |    21 |    28 |     7 ||    70
Armor: Robe              |    12 |    21 |    58 |    17 ||   108
Dodge: Dodged            |    30 |    63 |    92 |    26 ||   211
Block: Shield            |       |       |    73 |    26 ||    99
